 Dungeon Crawl Stone Soup version 0.31-a0-221-gbddc013574 (webtiles) character file.

Game seed: 11668920059986876019

997 porpoise the Skirmisher (level 8, -1/50 HPs)
             Began as a Kobold Hunter on July 5, 2023.
             Slain by a killer bee (4 damage)
             ... on level 8 of the Dungeon.
             The game lasted 00:15:50 (5530 turns).

porpoise the Skirmisher (Kobold Hunter)             Turns: 5530, Time: 00:15:50

Health: -1/50      AC:  9    Str:  8    XL:     8   Next: 42%
Magic:  8/8        EV: 14    Int: 11    God:
Gold:   355        SH:  0    Dex: 20    Spells: 7/7 levels left

rFire   . . .        a - +0 shortbow
rCold   . . .        (shield currently unavailable)
rNeg    + . .        c - +0 leather armour
rPois   .            z - +2 helmet
rElec   .            o - +0 cloak
rCorr   .            (no gloves)
SInv    .            d - +1 pair of boots
Will    .....        (no amulet)
Stlth   ++++         r - ring of positive energy
HPRegen 0.28/turn    (no ring)
MPRegen 0.11/turn

%: no passive effects
@: no status effects
A: small, no large weapons, nightstalker 3
a: no special abilities


You were on level 8 of the Dungeon.
You visited 1 branch of the dungeon, and saw 6 of its levels.

You collected 355 gold pieces.

Inventory:

Hand Weapons
 a - a +0 shortbow (weapon)
 b - a +1 dagger of draining
 w - a +0 short sword of venom
Missiles
 q - 13 poisoned darts
 D - 4 boomerangs
Armour
 c - a +0 leather armour (worn)
 d - a +1 pair of boots (worn)
 o - a +0 cloak (worn)
 y - the +0 leather armour of the Morning {rC+ Will- Stlth+}
   (You found it on level 3 of the Dungeon)

   rC:        It protects you from cold.
   Will:      It decreases your willpower.
   Stlth:     It makes you more stealthy.
 z - a +2 helmet (worn)
Jewellery
 r - a ring of positive energy (left hand)
Wands
 m - a wand of flame (28)
 t - a wand of mindburst (4)
Scrolls
 p - a scroll of brand weapon {unknown}
 B - a scroll of poison {unknown}
 C - a scroll of enchant weapon {unknown}
 E - a scroll of acquirement {unknown}
Potions
 f - 2 potions of mutation
 h - a potion of attraction
 k - a potion of lignification
 n - 3 potions of ambrosia
 s - a potion of enlightenment
 x - a potion of degeneration {unknown}
 A - a potion of heal wounds {unknown}


   Skills:
 + Level 5.5 Fighting
 * Level 10.1 Ranged Weapons
 - Level 2.4 Dodging
 + Level 6.5 Stealth


You had 7 spell levels left.
You didn't know any spells.
Your spell library contained the following spells:

 Spells                   Type           Power      Damage    Failure   Level
 Blink                    Tloc           0%         N/A       61%         2
 Lesser Beckoning         Tloc           0%         N/A       61%         2
 Momentum Strike          Conj/Tloc      0%         3d8       61%         2


Dungeon Overview and Level Annotations

Branches:
Dungeon (5/15)               Lair (0/5) D:8
 Temple: D:4-7

Altars:
Dithmenos
Wu Jian

Annotations:
D:2 exclusion: door, Sigmund
D:8 Maggie


Innate Abilities, Weirdness & Mutations

You are small and have problems with some larger weapons.
You are completely attuned to the shadows.


Message History

Something hits you but does no damage.
The acid dragon closely misses your butterfly. x2
Something barely misses your butterfly. The basilisk gazes at you.
Your butterfly struggles to resist.
The killer bee barely misses your butterfly.
The wyvern closely misses you. Something hits your butterfly!
Your butterfly dies!
Your butterfly disappears in a burst of colours!
The wyvern barely misses you. The basilisk bites your butterfly!
Your butterfly dies!
Your butterfly disappears in a burst of colours!
The wyvern bites your butterfly!!
Your butterfly dies!
Your butterfly disappears in a burst of colours!
Something closely misses your butterfly. x2
You swap places.
Found 5 stones.
The wyvern bites you.
* * * LOW HITPOINT WARNING * * *
The killer bee stings you.
* * * LOW HITPOINT WARNING * * *
Something barely misses your butterfly. The basilisk bites your butterfly!
Your butterfly dies!
Your butterfly disappears in a burst of colours!
Something closely misses your butterfly.
Something misses your butterfly.
The killer bee stings you but does no damage.
The wyvern closely misses you.
There is a stone staircase leading up, spattered with blood here.
The killer bee misses you. Something hits your butterfly.
Your butterfly dies!
Your butterfly disappears in a burst of colours!
The wyvern bites you.
* * * LOW HITPOINT WARNING * * *
Something barely misses your butterfly. The acid dragon closely misses you.
The acid dragon claws you but does no damage.
The basilisk gazes at you.
Your butterfly is moving more slowly.
The killer bee stings you.
You die...

,..###.###.,,,,,,,,,,,*,,,,,,,,,,
,o.##...##.,,,,,,,,,,,,,,,,,,,,,,
,.o#..#o.#.,,,,,,,,,,,,,,,,,**,,,
,....##Yyyl@.,,,,,,,,,,*,,,,****,
,#.......yl..,,,,...(,,,,,,,***,,
,#..o.........***....,,,,,,***,,*
,,,,##.....#..##........,,,,,,,,*
,,**,*,,,......D#.......,,,,**,,,
,*,,,,,,,..b..ly@.......,,,,,,,,,
,,,,,,,,,b..lbblb.......,,,,,,,,,
,,,,,,,,,..b<.bb{b......,,,,,,,,,
,,*,*,,,,.Yb.bbb##....##,,,,,,,,,
,,,,,,,,,...~...#.....#,,,,,,,,,,
*,*,,,*,,.b.~...c.......,,,,,,,,,
,***,***,...bb........##,*,,*,,,,
*,*,,,,**.~...........#***,**,,,,
,*,,,,,*,,,...#....[..****,,,,**,


You could see a basilisk (ally target), 2 wyverns, an acid dragon and a killer
bee (ally target).

Vanquished Creatures
  Menkaure (D:5)
  Edmund (D:4)
  A phantom (D:4)
  Blork the orc (D:4)
  A gnoll sergeant (D:4)
  A scorpion (D:5)
  2 killer bees (D:8)
  2 hounds (D:4)
  A jelly (D:4)
  Jessica (D:2)
  An iguana (D:5)
  Robin (D:3)
  6 gnolls (D:3)
  3 adders
  2 worms
  2 dart slugs
  5 orcs
  5 ball pythons
  7 endoplasms
  2 giant cockroaches (D:2)
  27 goblins
  38 hobgoblins
  17 jackals
  10 kobolds
  3 quokkas
  4 bats
  2 frilled lizards
  3 rats
150 creatures vanquished.

Notes
Turn   | Place    | Note
-------+----------+-------------------------------------------
     0 | D:1      | porpoise the Kobold Hunter began the quest for the Orb.
     0 | D:1      | Reached XP level 1. HP: 12/12 MP: 1/1
   290 | D:1      | Reached XP level 2. HP: 18/18 MP: 2/2
   851 | D:2      | Reached skill level 6 in Ranged Weapons
   851 | D:2      | Reached XP level 3. HP: 20/22 MP: 3/3
  1032 | D:2      | Noticed Sigmund
  1240 | D:2      | Noticed Jessica
  1243 | D:2      | Killed Jessica
  1244 | D:2      | Reached XP level 4. HP: 28/28 MP: 4/4
  1713 | D:3      | Reached XP level 5. HP: 26/32 MP: 5/5
  1882 | D:3      | Found an ornate altar of the Wu Jian Council.
  2501 | D:3      | Reached skill level 7 in Ranged Weapons
  2817 | D:3      | Identified the +0 leather armour of the Morning {rC+ Will-
                  | Stlth+}
  2910 | D:3      | Reached XP level 6. HP: 16/38 MP: 6/6
  3210 | D:3      | Noticed Robin
  3215 | D:3      | Killed Robin
  3983 | D:4      | Noticed Edmund
  4003 | D:4      | Killed Edmund
  4004 | D:4      | Reached skill level 8 in Ranged Weapons
  4004 | D:4      | Reached XP level 7. HP: 10/44 MP: 7/7
  4139 | D:4      | Reached skill level 5 in Stealth
  4353 | D:4      | Noticed Blork the orc
  4360 | D:4      | Killed Blork the orc
  4361 | D:4      | Reached skill level 9 in Ranged Weapons
  4705 | D:4      | Reached skill level 5 in Fighting
  4786 | D:4      | Reached XP level 8. HP: 49/49 MP: 8/8
  4791 | D:4      | Found a shadowy altar of Dithmenos.
  5052 | D:5      | Entered Level 5 of the Dungeon
  5178 | D:5      | Noticed Menkaure
  5186 | D:5      | Killed Menkaure
  5367 | D:5      | You fall into a shaft and drop 3 floors!
  5500 | D:8      | Noticed a centaur warrior
  5500 | D:8      | Noticed a basilisk
  5503 | D:8      | Noticed Maggie
  5508 | D:8      | Noticed a wyvern
  5512 | D:8      | Found the +0 mask of the Dragon {Will+ Slay+3 SInv}
  5518 | D:8      | Noticed a wyvern
  5520 | D:8      | Reached skill level 10 in Ranged Weapons
  5530 | D:8      | Slain by a killer bee

Illustrated notes

Levels and vault maps discovered:
D:1:      roderic_dead_forest, layout_loops_ring
D:2:      layout_loops_ring, dilly_ecumenical_altar_fadedgnrine,
          nicolae_underground_beach, uniq_jessica, uniq_sigmund
D:3:      minmay_goblin_kobold_castle, layout_loops_corners,
          nzn_wu_jian_contemplation, kennysheep_generic_room_14, uniq_robin
D:4:      layout_gridville, grunt_dithmenos_smoke, dk_noncrumbling_2,
          st_stairs_9, uniq_edmund, uniq_blork_the_orc
D:5:      layout_rooms, minmay_temple_entry_nine_rooms, uniq_eustachio,
          uniq_menkaure
D:8:      layout_cave_pools, hellmonk_lair_entry_icy, kb_rosetta, uniq_maggie

Skill      XL: |  1  2  3  4  5  6  7  8 |
---------------+-------------------------+-----
Stealth        | 2 3 4 5 6 |  6.5
Ranged Weapons | 6 7 8 9 10 | 10.1
Fighting       | 3 4 5 |  5.5
Dodging        | |  2.4

Action                     |  1- 3 |  4- 6 |  7- 9 || total
---------------------------+-------+-------+-------++-------
  Melee: Dagger            |       |    13 |    14 ||    27
         Punch             |       |     1 |       ||     1
   Fire: Shortbow          |    78 |   258 |   102 ||   438
  Evoke: Wand              |       |       |     8 ||     8
    Use: Potion            |       |     3 |     1 ||     4
         Scroll            |       |     2 |     9 ||    11
 Armour: Leather armour    |    14 |    65 |    40 ||   119
  Dodge: Dodged            |    31 |   199 |    96 ||   326

Table legend: (Time is in decaauts)
 A = Elapsed time spent in this place.
 B = Non-inter-level travel time spent in this place.
 C = Inter-level travel time spent in this place.
 D = Time resting spent in this place.
 E = Time spent auto-exploring this place.
 F = Levels seen in this place.
 G = Mean time per level.
                   A        B        C        D        E       F      G
               +--------+--------+--------+--------+--------+-----+--------+
         Total |   5580 |   5364 |    216 |   1099 |   3399 |   6 |  930.0 |
       Dungeon |   5580 |   5364 |    216 |   1099 |   3399 |   6 |  930.0 |
               +--------+--------+--------+--------+--------+-----+--------+

Top non-repeatable levels by time:
     D:3: 2206 daAuts
     D:4: 1286 daAuts
     D:2: 944 daAuts
     D:1: 693 daAuts
     D:5: 286 daAuts
     D:8: 162 daAuts
